 Dungeon Crawl Stone Soup version 0.24-a0-518-g9d8d8d5b78 (webtiles) character file.

Game seed: 12832568183543140598

212 Froggeryz the Chiller (level 5, -3/42 HPs)
             Began as a Naga Ice Elementalist on July 23, 2019.
             Engulfed by Ijyb's flame (25 damage)
             ... on level 3 of the Dungeon.
             The game lasted 00:06:01 (2045 turns).

Froggeryz the Chiller (Naga Ice Elementalist)       Turns: 2045, Time: 00:06:02

Health: -3/42      AC:  2    Str: 10    XL:     5   Next: 89%
Magic:  1/8        EV: 10    Int: 17    God:
Gold:   170        SH:  0    Dex: 11    Spells: 4/10 levels left

rFire    . . .     SeeInvis +   m - +0 whip (freeze)
rCold    . . .     Gourm    .   (no shield)
rNeg     . . .     Faith    .   a - +0 robe
rPois    +         Spirit   .   (no helmet)
rElec    .         Reflect  .   (no cloak)
rCorr    .         Harm     .   (no gloves)
MR       .....     Rnd*Rage +   (no barding)
Stlth    ++........             j - amulet of rage
HPRegen  0.14/turn              n - +2 ring of strength
MPRegen  0.11/turn              (no ring)

@: lethally poisoned (-3 -> -4), short of breath, very slow
A: large, see invisible, berserk 1, deformed body, low mp 1, poison resistance,
slowness 2, slow metabolism 1, spit poison 1, weak 1, evolution 1, AC +1
a: Spit Poison, Evoke Berserk Rage


You were on level 3 of the Dungeon.
You were not hungry.

You visited 1 branch of the dungeon, and saw 3 of its levels.

You collected 170 gold pieces.

Inventory:

Hand Weapons
 m - a +0 whip of freezing (weapon)
Missiles
 k - 7 javelins (quivered)
Armour
 a - a +0 robe (worn)
 q - a +0 buckler
Jewellery
 j - an amulet of rage (around neck)
 n - a +2 ring of strength (left hand)
Scrolls
 f - 3 scrolls of identify {unknown}
 i - 2 scrolls of remove curse {unknown}
 l - a scroll of enchant armour {unknown}
 o - 2 scrolls of magic mapping {unknown}
 s - a scroll of fog {unknown}
Potions
 b - a potion of curing
 d - a potion of mutation
 p - 2 potions of agility
 r - a potion of heal wounds
Comestibles
 c - 7 rations
 h - a chunk of flesh


   Skills:
 - Level 1.5 Dodging
 - Level 3.0 Stealth
 + Level 3.2 Spellcasting
 + Level 1.8 Conjurations
 * Level 5.2 Ice Magic
 - Level 1.0 Air Magic


You had 4 spell levels left.
You knew the following spells:

 Your Spells              Type           Power        Failure   Level  Hunger
a - Freeze                Ice            ###.         1%          1    None
b - Blink                 Tloc           N/A          26%         2    ##.....
c - Mephitic Cloud        Conj/Pois/Air  #.......     34%         3    ###....

Your spell library contained the following spells:

 Spells                   Type           Power        Failure   Level  Hunger
 Throw Frost              Conj/Ice       ##....       6%          2    ##.....
 Magic Dart               Conj           #...         9%          1    None
 Ozocubu's Armour         Chrm/Ice       ##......     17%         3    ###....
 Call Imp                 Summ           #.......     26%         2    ##.....
 Slow                     Hex            #.......     26%         2    ##.....
 Conjure Flame            Conj/Fire      #.......     34%         3    ###....
 Throw Icicle             Conj/Ice       ##......     38%         4    ####...
 Summon Ice Beast         Ice/Summ       ##......     50%         4    ####...


Dungeon Overview and Level Annotations

Branches:
Dungeon (3/15)

Altars:

Annotations:
D:3 Ijyb


Innate Abilities, Weirdness & Mutations

You cannot wear boots.
Your serpentine skin is tough. (AC +1)
You have supernaturally acute eyesight. (SInv)
Armour fits poorly on your strangely shaped body.
Your system is resistant to poisons. (rPois)
You cover ground very slowly.
You have a slow metabolism.
You can spit poison.
You tend to lose your temper in combat.
Your magical capacity is low. (-10% MP)
You are weak. (Str -2)
You evolve.


Message History

Ijyb is severely wounded.
Ijyb hits you. The goblin misses you.
Casting: Freeze (safe; 1% risk of failure)
Confirm with . or Enter, or press ? or * to list all spells.
Aiming: Freeze (safe; 1% risk of failure)
Press: ? - help, Shift-Dir - straight line, f/p - Ijyb
Aim: Ijyb, wearing a +0 leather armour and carrying a wand of clouds (6) (severely wounded, poisoned)
You freeze Ijyb.
Ijyb is severely wounded.
You have got your breath back.
Ijyb looks more healthy.
Ijyb hits you but does no damage. The goblin closely misses you.
Press: ? - help, Shift-Dir - straight line, f/p - Ijyb
Aim: Ijyb, wearing a +0 leather armour and carrying a wand of clouds (6) (severely wounded)
The splash of poison misses Ijyb.
You feel slightly more hungry. Ijyb misses you.
The goblin hits you with a +0 club.
You feel sick.
Ijyb zaps a wand.
Ijyb creates a blast of flame!
Ijyb hits you.
You are engulfed in blazing flames.
Ouch! That really hurt!
You die...

########## #§§......#
#§######.## #@# #..#
##§## ##..# #gg.#
#...# #.[## ##..# #..#
#..# ...w# #..#######
.....# ##........#
#....... #.........#
#.......+##+.#.......#


You could see Ijyb, a worm and a goblin.

Vanquished Creatures
  Jessica (D:2)
  Terence (D:3)
  An iguana (D:3)
  3 gnolls (D:3)
  4 adders
  A worm (D:2)
  2 dart slugs
  A leopard gecko (D:2)
  5 giant cockroaches
  9 goblins
  7 hobgoblins
  3 jackals (D:2)
  2 ball pythons (D:3)
  5 bats (D:1)
  3 frilled lizards
  10 kobolds
  9 rats
67 creatures vanquished.

Notes
Turn   | Place    | Note
-------+----------+-------------------------------------------
     0 | D:1      | Froggeryz the Naga Ice Elementalist began the quest for the
                  | Orb.
     0 | D:1      | Reached XP level 1. HP: 15/15 MP: 3/3
   129 | D:1      | Reached XP level 2. HP: 19/22 MP: 3/5
   704 | D:1      | Reached XP level 3. HP: 28/28 MP: 6/6
   940 | D:2      | Reached skill level 4 in Ice Magic
  1006 | D:2      | Learned a level 2 spell: Blink
  1010 | D:2      | Learned a level 3 spell: Mephitic Cloud
  1014 | D:2      | Noticed Jessica
  1022 | D:2      | Killed Jessica
  1022 | D:2      | Reached XP level 4. HP: 20/36 MP: 1/8
  1526 | D:2      | Reached skill level 1 in Air Magic
  1744 | D:3      | Noticed Terence
  1752 | D:3      | Killed Terence
  1752 | D:3      | Reached XP level 5. HP: 29/42 MP: 4/9
  1888 | D:3      | Reached skill level 5 in Ice Magic
  1923 | D:3      | Gained mutation: Your magical capacity is low. (-10% MP)
                  | [potion of mutation]
  1923 | D:3      | Gained mutation: You tend to lose your temper in combat.
                  | [potion of mutation]
  1923 | D:3      | Gained mutation: You are weak. (Str -2) [potion of
                  | mutation]
  1923 | D:3      | Gained mutation: You evolve. [potion of mutation]
  2003 | D:3      | Noticed Ijyb
  2045 | D:3      | Engulfed by Ijyb's flame

Levels and vault maps discovered:
D:1:      matt_arrival_grand_opening, layout_rooms, serial_forest,
          infiniplex_forest_diagonal, infiniplex_forest_diagonal,
          infiniplex_forest_clump_long, infiniplex_forest_lined_room_,
          infiniplex_forest_lined_2, infiniplex_forest_zigzag_1,
          infiniplex_forest_end_1, infiniplex_forest_end_1,
          infiniplex_forest_lined_3, minmay_misc_feat_tower, minmay_pentomino_o4
D:2:      layout_basic, minmay_split_cup_large, uniq_jessica
D:3:      layout_rooms, gup_sewer_entry_bowl, first_ration, uniq_ijyb,
          uniq_terence

Skill      XL: |  1  2  3  4  5 |
---------------+----------------+-----
Ice Magic      | 4 5 |  5.2
Air Magic      | 1 |  1.0
Spellcasting   | 3 |  3.2
Dodging        | |  1.5
Stealth        | |  3.0
Conjurations   | |  1.8

Action                   |  1- 3 |  4- 6 || total
-------------------------+-------+-------++-------
Melee: Unarmed           |     4 |       ||     4
       Short sword       |    20 |       ||    20
       Whip              |    12 |    55 ||    67
Throw: Javelin           |       |     1 ||     1
 Cast: Freeze            |    33 |    39 ||    72
 Abil: Spit Poison       |     8 |    10 ||    18
  Use: Potion            |       |     5 ||     5
 Stab: Sleeping          |     3 |     5 ||     8
  Eat: Chunk             |     1 |     3 ||     4
Armor: Robe              |     7 |    12 ||    19
Dodge: Dodged            |    33 |    45 ||    78

Table legend:
 A = Non-vault XP
 B = Vault XP
 C = Vault XP percentage of total XP
 D = Non-vault monster count
 E = Vault monster count
 F = Vault count percentage of total count
                 A         B        C        D         E       F
            +---------+---------+-------+---------+---------+-------
      Total |     200 |     103 |  34.0 |      60 |       7 |  10.4
            +---------+---------+-------+---------+---------+-------
        D:1 |      37 |       2 |   5.1 |      20 |       1 |   4.8
        D:2 |      45 |      65 |  59.1 |      24 |       5 |  17.2
        D:3 |     118 |      36 |  23.4 |      16 |       1 |   5.9
            +---------+---------+-------+---------+---------+-------
